Map: Neon Violet Square LE

Players

SamuraiFunn

  • Race: Protoss Protoss
  • League: Platinum
  • Spawn Location: 5:00

A.I. 1 (Very Hard) - Winner!

  • Race: Terran Terran
  • Spawn Location: 11:00

VOD

Have the link to the VOD?

Description

Time

  • Played on: Nov. 30, 2017, 9:42 p.m.
  • Length: 9:48
Show
View Real Time Build Order
Export as new Build Order

SamuraiFunn Protoss 

Build Orders:  

Get SALT Encoding   

  12  0:00  Probe  
  14  0:14  Probe  
  14  0:21  Pylon  
  14  0:26  Probe (Chrono Boost)  
  15  0:42  Probe (Chrono Boost)  
  16  0:48  Probe, Gateway  
  17  0:59  Assimilator  
  17  1:00  Probe  
  18  1:04  Pylon  
  18  1:12  Probe  
  19  1:24  Probe  
  20  1:31  Assimilator  
  20  1:35  Zealot  
  22  1:43  Cybernetics Core  
  22  1:45  Probe  
  23  1:57  Probe  
  24  2:04  Nexus  
  24  2:09  Probe  
  25  2:20  Warp Gate (Chrono Boost)  
  27  2:24  Sentry  
  27  2:29  Probe  
  28  2:36  Pylon  
  28  2:41  Probe  
  29  2:48  Twilight Council  
  29  2:52  Gateway  
  29  2:53  Probe  
  30  3:02  Sentry  
  30  3:05  Probe  
  33  3:17  Probe  
  33  3:18  Probe  
  35  3:20  Pylon  
  35  3:23  Assimilator  
  35  3:29  Probe  
  35  3:30  Probe  
  37  3:36  Sentry  
  37  3:40  Sentry  
  41  3:48  Probe x2  
  43  3:57  Assimilator  
  43  4:00  Blink  
  43  4:13  Probe x2  
  45  4:25  Probe x2, Stalker  
  45  4:26  Robotics Facility, Stalker  
  51  4:54  Probe x2  
  51  4:58  Stalker x2  
  59  5:07  Probe x2  
  59  5:14  Gateway  
  59  5:16  Gateway, Observer  
  60  5:41  Stalker  
  62  5:47  Pylon  
  62  5:50  Pylon  
  62  5:54  Pylon  
  62  5:59  Forge  
  62  6:05  Probe x2  
  62  6:06  Forge  
  64  6:16  Stalker  
  64  6:17  Stalker  
  68  6:19  Nexus  
  68  6:21  Pylon  
  68  6:23  Pylon  
  68  6:28  Probe  
  68  6:29  Probe  
  70  6:51  Nexus  
  70  6:52  Pylon  
  70  6:55  Pylon  
  70  7:07  Stalker x2  
  74  7:15  Protoss Ground Weapons Level 1 (Chrono Boost)  
  74  7:16  Protoss Ground Armor Level 1 (Chrono Boost)  
  74  7:23  Stalker  
  74  7:24  Stalker  
  74  7:29  Observer  
  79  7:40  Stalker x2  
  83  7:45  Probe x2, Assimilator  
  83  7:49  Assimilator  
  83  7:51  Probe, Observer  
  87  7:57  Probe x2  
  89  7:59  Stalker x2  
  89  8:03  Probe  
  94  8:10  Stalker x2  
  98  8:14  Probe  
  98  8:16  Probe x3  
  102  8:26  Probe  
  103  8:27  Assimilator  
  103  8:28  Probe x3  
  103  8:29  Stalker  
  103  8:30  Assimilator  
  108  8:43  Probe x2  
  108  8:44  Probe x2  
  108  8:46  Templar Archives  
  110  9:00  Stalker x4  
  106  9:17  Gateway  
  106  9:18  Gateway  
  94  9:31  Gateway  
Show
View Real Time Build Order
Export as new Build Order

A.I. 1 (Very Hard) Terran - Winner!

Build Orders: MMM Bio 

Get SALT Encoding   

  12  0:00  SCV  
  13  0:13  SCV  
  14  0:20  Supply Depot  
  14  0:25  SCV  
  15  0:41  SCV  
  16  0:54  SCV  
  16  0:55  Refinery  
  17  0:57  Barracks  
  17  1:06  SCV  
  18  1:18  SCV  
  19  1:29  Command Center  
  19  1:40  Supply Depot  
  19  1:42  SCV  
  19  1:47  Marine  
  21  2:01  Factory  
  21  2:13  Barracks  
  21  2:16  SCV  
  21  2:20  Marine  
  23  2:28  SCV  
  24  2:34  Supply Depot  
  24  2:40  Marine  
  24  2:41  SCV  
  26  2:47  Factory Tech Lab  
  26  2:52  SCV  
  27  3:00  Orbital Command  
  27  3:06  Refinery  
  27  3:08  Marine  
  28  3:16  Orbital Command  
  28  3:19  Marine  
  29  3:26  SCV, Marine  
  31  3:37  Marine  
  31  3:38  SCV  
  33  3:42  SCV  
  33  3:44  Marine  
  35  3:50  SCV  
  35  3:53  Barracks  
  35  3:54  SCV  
  35  3:55  Marine  
  38  4:02  SCV  
  39  4:03  Barracks Tech Lab  
  39  4:06  SCV  
  39  4:09  Supply Depot  
  40  4:14  Barracks Tech Lab, SCV  
  41  4:18  SCV  
  41  4:20  Marine  
  41  4:23  Stimpack  
  43  4:24  Siege Tank  
  43  4:26  SCV  
  43  4:30  SCV  
  48  4:31  Combat Shields  
  48  4:32  Marine  
  49  4:38  SCV, Marine  
  49  4:40  Marine  
  49  4:42  SCV  
  49  4:45  Supply Depot  
  53  4:50  Marine  
  53  4:51  SCV, Ghost Academy  
  55  4:56  SCV  
  55  4:57  Marauder  
  58  5:02  Barracks Reactor  
  58  5:03  SCV  
  59  5:08  SCV, Marauder  
  59  5:10  Supply Depot  
  62  5:15  SCV  
  62  5:18  Starport, Marauder  
  65  5:25  SCV, Refinery  
  66  5:28  Ghost  
  66  5:30  Refinery  
  66  5:31  SCV  
  66  5:33  Supply Depot  
  69  5:38  SCV  
  69  5:39  Marauder  
  71  5:44  SCV  
  72  5:50  SCV  
  72  5:55  Medivac  
  72  5:56  SCV  
  76  5:58  Marauder  
  76  6:01  Supply Depot, Marauder  
  76  6:02  SCV  
  81  6:08  SCV  
  82  6:14  SCV  
  83  6:19  Marauder  
  83  6:20  SCV  
  83  6:22  Concussive Shells, Marine  
  83  6:23  Marine, Marauder, Engineering Bay  
  83  6:25  Medivac, Supply Depot  
  92  6:26  SCV  
  93  6:33  Engineering Bay  
  93  6:45  Barracks  
  93  6:46  Ghost, Marine  
  96  6:47  Marauder  
  96  6:49  Supply Depot, Terran Infantry Armor Level 1  
  98  6:56  Missile Turret  
  98  6:57  Starport Reactor, Missile Turret  
  98  6:58  Terran Infantry Weapons Level 1  
  98  7:07  Command Center  
  98  7:08  Ghost  
  100  7:13  Supply Depot  
  100  7:16  Marauder  
  100  7:17  Marine  
  100  7:18  Marine  
  104  7:31  Marine  
  104  7:33  Medivac x2  
  104  7:34  Missile Turret  
  104  7:36  Ghost, Supply Depot  
  113  7:37  Marauder  
  113  7:54  Missile Turret  
  113  8:01  Supply Depot  
  113  8:03  Viking  
  115  8:08  Viking  
  117  8:15  Missile Turret  
  117  8:19  SCV x3  
  120  8:31  SCV x2, Refinery  
  120  8:32  SCV, Missile Turret  
  120  8:33  Viking  
  125  8:34  Missile Turret  
  125  8:36  Refinery  
  125  8:43  SCV  
  125  8:44  SCV x2  
  125  8:47  Supply Depot  
  128  8:55  Factory, SCV  
  129  8:56  SCV, Orbital Command  
  129  9:00  Command Center  
  130  9:06  Armory  
  130  9:07  SCV  
  130  9:08  SCV  
  132  9:15  Marauder  
  131  9:17  Marauder  
  131  9:19  SCV, Marine  
  131  9:20  Marine  
  131  9:21  SCV  
  131  9:22  Supply Depot  
  131  9:23  SCV  
  136  9:26  Marine  
  135  9:32  SCV  
  135  9:34  SCV  
  138  9:42  Missile Turret  
  138  9:43  Factory Tech Lab  
  141  9:46  Supply Depot  
Tags
 
Composition
MMM Bio
League
Platinum
Matchup
PvT
Replay Pack
First 100 games
Spawn Locations
Cross Positions
Add a new tag
Caveats
  • Supply blocks, unpowered buildings, or Contaminate may cause inaccurate times.
  • Supply counts are checked every 10 seconds.